 Dungeon Crawl Stone Soup version 0.32-a0-7-ge934b4519a (webtiles) character file.

Game seed: 5627270917822302833

40 Consumeair16 the Cutter (level 3, -10/35 HPs)
             Began as a Gnoll Chaos Knight on Jan 14, 2024.
             Was a Plaything of Xom.
             Mangled by a +4 mace "Rankafas" {spect, Int+7} (11 damage)
             ... created by Terence
             ... on level 2 of the Dungeon.
             The game lasted 00:05:26 (1255 turns).

Consumeair16 the Cutter (Gnoll Chaos Knight)        Turns: 1255, Time: 00:05:26

Health: -10/35     AC:  5    Str: 11    XL:     3   Next: 50%
Magic:  4/4        EV: 12    Int: 11    God:    Xom [...*..]
Gold:   143        SH:  0    Dex: 13    Spells: 3/3 levels left

rFire   . . .        g - +1 dagger (speed)
rCold   . . .        (no shield)
rNeg    . . .        b - +2 leather armour
rPois   .            (no helmet)
rElec   .            (no cloak)
rCorr   .            (no gloves)
SInv    .            (no boots)
Will    .....        (no amulet)
Stlth   +            (no ring)
HPRegen 0.25/turn    (no ring)
MPRegen 0.09/turn

%: no passive effects
@: no status effects
A: fangs 1, strong nose, distributed training
a: Renounce Religion


You were on level 2 of the Dungeon.
You worshipped Xom.
You were a favourite toy of Xom.
You visited 1 branch of the dungeon, and saw 2 of its levels.

You collected 143 gold pieces.

Inventory:

Hand Weapons
 a - a +0 short sword of chaos
 g - a +1 dagger of speed (weapon)
 k - a +0 sling
Armour
 b - a +2 leather armour (worn)
 d - a +0 leather armour
Scrolls
 c - a scroll of butterflies
 e - a scroll of blinking {unknown}
 h - a scroll of revelation {unknown}
 i - a scroll of enchant armour {unknown}
Potions
 f - a potion of haste {unknown}
 j - a potion of heal wounds {unknown}


   Skills:
 + Level 6.5 Fighting
 + Level 6.5 Short Blades
 + Level 0.9 Long Blades
 + Level 0.9 Axes
 + Level 0.9 Maces & Flails
 + Level 0.9 Polearms
 + Level 0.9 Staves
 + Level 0.9 Ranged Weapons
 + Level 0.9 Throwing
 + Level 4.5 Armour
 + Level 2.6 Dodging
 + Level 0.9 Stealth
 + Level 0.9 Shields
 + Level 0.9 Unarmed Combat
 + Level 0.9 Spellcasting
 + Level 0.6 Conjurations
 + Level 0.6 Hexes
 + Level 0.6 Summonings
 + Level 0.6 Necromancy
 + Level 0.6 Translocations
 + Level 0.6 Fire Magic
 + Level 0.6 Ice Magic
 + Level 0.6 Air Magic
 + Level 0.6 Earth Magic
 + Level 0.6 Alchemy
 + Level 1.0 Invocations
 + Level 0.9 Evocations
 + Level 0.7 Shapeshifting


You had 3 spell levels left.
You didn't know any spells.
Your spell library contained the following spells:

 Spells                   Type           Power      Damage    Failure   Level
 Animate Dead             Necr           1%         N/A       97%         4
 Haunt                    Necr/Summ      0%         N/A       100%        7
 Infestation              Necr           0%         N/A       100%        8


Dungeon Overview and Level Annotations

Branches:
Dungeon (2/15)

Altars:

Annotations:
D:2 Terence


Innate Abilities, Weirdness & Mutations

You have very sharp teeth.
Your uncanny sense of smell can sniff out nearby items.
Your experience applies equally to all skills.


Message History

The frilled lizard bites you but does no damage.
The frilled lizard bites you but does no damage.
The frilled lizard closely misses you.
The frilled lizard bites you but does no damage.
You closely miss the frilled lizard. The frilled lizard closely misses you.
You hit the frilled lizard.
You kill the frilled lizard!
You see here a frilled lizard corpse.
There is a faded altar of an unknown god here.
There is a faded altar of an unknown god here.
This altar belongs to (a) Qazlal, (b) Elyvilon or (c) Uskayaw, but you can't tell which.
Press the corresponding letter to learn more about a god, or press enter to convert or escape to cancel.
Okay, then.
Terence the Incautious comes into view.
He is wielding the +4 mace "Rankafas" {spect, Int+7}.
Found a scroll labelled MENNUN EDODD.
You barely miss Terence.
Terence hits you with the +4 mace "Rankafas" {spect, Int+7}.
The +4 mace "Rankafas" {spect, Int+7} barely misses you.
A +4 mace "Rankafas" {spect, Int+7} comes into view.
You closely miss Terence.
The +4 mace "Rankafas" {spect, Int+7} moves out of view.
You hit Terence but do no damage.
Terence hits you with the +4 mace "Rankafas" {spect, Int+7}!
The +4 mace "Rankafas" {spect, Int+7} barely misses you.
You hit Terence but do no damage.
The +4 mace "Rankafas" {spect, Int+7} hits you!
You hit Terence but do no damage. "Heh heh heh..."
Terence looks rather confused.
The +4 mace "Rankafas" {spect, Int+7} hits you.
Xom is highly amused!
You hit Terence but do no damage.
Terence hits you with the +4 mace "Rankafas" {spect, Int+7}.
* * * LOW HITPOINT WARNING * * *
The +4 mace "Rankafas" {spect, Int+7} hits you.
* * * LOW HITPOINT WARNING * * *
Xom roars with laughter!
You hit Terence but do no damage.
The +4 mace "Rankafas" {spect, Int+7} hits you!
You die...
Xom titters!

#....................#
#._...########..####..
#.....# #..# #.#
###.#.# #... ....
#.#.# ##.####.. #.#.#
∆ ... ... #.#.# #.#
... #.#.# #.# #...
#.#@# ∆ #...
#......@(...?..
.......###.....
#.###.. ###. #.. ∆ #..
#.. ...


You could see a +4 mace "Rankafas" {spect, Int+7} and Terence (confused).

Vanquished Creatures
  2 dart slugs (D:2)
  An orc (D:2)
  7 endoplasms
  A giant cockroach (D:1)
  4 goblins (D:1)
  2 hobgoblins (D:1)
  2 kobolds
  A quokka (D:2)
  4 ball pythons (D:1)
  3 bats
  A frilled lizard (D:2)
  3 rats
31 creatures vanquished.

Notes
Turn   | Place    | Note
-------+----------+-------------------------------------------
     0 | D:1      | Consumeair16 the Gnoll Chaos Knight began the quest for the
                  | Orb.
     0 | D:1      | Reached XP level 1. HP: 23/23 MP: 1/1
   146 | D:1      | Reached XP level 2. HP: 29/29 MP: 2/2
   207 | D:1      | XOM: cloud trail
   526 | D:1      | Reached XP level 3. HP: 35/35 MP: 3/3
   922 | D:2      | XOM: scenery: summon butterflies
   969 | D:2      | Reached skill level 1 in Invocations
  1214 | D:2      | Found a faded altar of an unknown god.
  1247 | D:2      | Identified the +4 mace "Rankafas" {spect, Int+7}
  1247 | D:2      | Noticed Terence
  1253 | D:2      | XOM: confuse monster(s)
  1254 | D:2      | HP: 1/35 [+4 mace "Rankafas" {spect, Int+7}[Terence] (6)]
  1255 | D:2      | Mangled by a +4 mace "Rankafas" {spect, Int+7}

Illustrated notes

Levels and vault maps discovered:
D:1:      sevenhm_arrival_forest_fort_small_6, layout_basic
D:2:      layout_loops_ring, basic_ecumenical_altar,
          chequers_serial_rivers_micro_d, uniq_terence

Skill      XL: |  1  2  3 |
---------------+----------+-----
Invocations    | 1 |  1.0
Fighting       | |  6.5
Short Blades   | |  6.5
Long Blades    | |  0.9
Axes           | |  0.9
Maces & Flails | |  0.9
Polearms       | |  0.9
Staves         | |  0.9
Ranged Weapons | |  0.9
Throwing       | |  0.9
Armour         | |  4.5
Dodging        | |  2.6
Stealth        | |  0.9
Shields        | |  0.9
Unarmed Combat | |  0.9
Spellcasting   | |  0.9
Conjurations   | |  0.6
Hexes          | |  0.6
Summonings     | |  0.6
Necromancy     | |  0.6
Translocations | |  0.6
Fire Magic     | |  0.6
Ice Magic      | |  0.6
Air Magic      | |  0.6
Earth Magic    | |  0.6
Alchemy        | |  0.6
Evocations     | |  0.9
Shapeshifting  | |  0.7

Action                     || total
---------------------------++-------
  Melee: Short sword       ||    36
         Bite              ||    16
         Punch             ||     1
         Dagger            ||    74
 Armour: Leather armour    ||    69
  Dodge: Dodged            ||    80

Table legend: (Time is in decaauts)
 A = Elapsed time spent in this place.
 B = Non-inter-level travel time spent in this place.
 C = Inter-level travel time spent in this place.
 D = Time resting spent in this place.
 E = Time spent auto-exploring this place.
 F = Levels seen in this place.
 G = Mean time per level.
                   A        B        C        D        E       F      G
               +--------+--------+--------+--------+--------+-----+--------+
         Total |   1202 |   1108 |     94 |      0 |      0 |   2 |  601.0 |
       Dungeon |   1202 |   1108 |     94 |      0 |      0 |   2 |  601.0 |
               +--------+--------+--------+--------+--------+-----+--------+

Top non-repeatable levels by time:
     D:1: 812 daAuts
     D:2: 390 daAuts
